 Dungeon Crawl Stone Soup version 0.29-a0-214-g17f627cfee (webtiles) character file.

Game seed: 7596527116872627321

333 horus123 the Magician (level 6, -1/39 (42) HPs)
             Began as an Octopode Transmuter on Feb 25, 2022.
             Killed from afar by an orc wizard (9 damage)
             ... with a magic dart
             ... on level 4 of the Dungeon.
             The game lasted 00:06:21 (4286 turns).

horus123 the Magician (Octopode Transmuter)         Turns: 4286, Time: 00:06:21

HP:   -1/39 (42)    AC:  1    Str: 15    XL:     6   Next: 53%
MP:   12/12         EV: 13    Int: 18    God:
Gold: 205           SH:  0    Dex: 12    Spells: 7/14 levels left

rFire   . . .      SeeInvis .     - Unarmed
rCold   . . .      Faith    .   (no shield)
rNeg    . . .      Spirit   .   (helmet currently unavailable)
rPois   .          Reflect  .   d - amulet of magic regeneration
rElec   .          Harm     .   c - +6 ring of strength
rCorr   .          Rampage  .   (no ring)
Will    .....                   (no ring)
Stlth   ++........              (no ring)
HPRegen 0.13/turn               (no ring)
MPRegen 0.53/turn               (no ring)
                                (no ring)
                                (no ring)

@: confused, appendages, drained
A: tentacle spike 3, almost no armour, amphibious, 8 rings, camouflage 1,
gelatinous body 1, (nimble swimmer 1), tentacles
a: End Transformation


You were on level 4 of the Dungeon.
One of your tentacles had grown a beastly spike.
You visited 1 branch of the dungeon, and saw 4 of its levels.

You collected 205 gold pieces.

Inventory:

Armour
 f - a +2 hat (melded)
Jewellery
 c - a +6 ring of strength (left tentacle)
 d - an amulet of magic regeneration (around mantle)
Wands
 k - a wand of iceblast (8)
Scrolls
 b - a scroll of noise
 g - a scroll of enchant weapon
 i - 2 scrolls of holy word
 j - a scroll of brand weapon
Potions
 a - a potion of might {unknown}
 e - 3 potions of degeneration {unknown}
 h - a potion of haste {unknown}


   Skills:
 - Level 3.0 Fighting
 - Level 2.0 Dodging
 - Level 3.0 Unarmed Combat
 - Level 4.5 Spellcasting
 + Level 3.9 Transmutations


You had 7 spell levels left.
You knew the following spells:

 Your Spells              Type           Power      Damage    Failure   Level
a - Beastly Appendage     Tmut           36%        N/A       2%          1
b - Wereblood             Tmut           18%        N/A       4%          2
c - Ice Form              Ice/Tmut       11%        N/A       52%         4

Your spell library contained the following spells:

 Spells                   Type           Power      Damage    Failure   Level
 Spider Form              Tmut/Pois      11%        N/A       19%         3


Dungeon Overview and Level Annotations

Branches:
Dungeon (4/15)
 Temple: D:4-7

Altars:


Innate Abilities, Weirdness & Mutations

One of your tentacles has grown a beastly spike.
You cannot wear most types of armour.
You are amphibious.
You can wear up to eight rings at the same time.
Your skin changes colour to match your surroundings (Stealth+).
Your rubbery body absorbs attacks. (AC +1, EV +1)
((You are camouflaged when in or above water. (Stealth+)))
You have tentacles for arms and can constrict up to eight enemies at once.


Message History

The orc priest closely misses you.
You barely miss the orc priest. You grab the orc priest.
You pierce the orc priest.
The orc priest is heavily wounded.
You constrict the orc priest. The orc wizard closely misses you.
The orc priest closely misses you.
You tentacle-slap the orc priest.
You squeeze the orc priest, but do no damage.
The orc priest is almost dead.
You constrict the orc priest.
You kill the orc priest!
The orc wizard hits you with a +1 dagger of draining.
You feel drained.
You tentacle-slap the orc wizard. Your grab misses the orc wizard.
Your tentacle spike misses the orc wizard.
The orc wizard is lightly wounded.
The orc wizard gestures at you while chanting.
The puff of flame misses you.
The puff of flame hits the hobgoblin!
The hobgoblin dies!
The orc priest mumbles some strange prayers to Beogh against you.
Pain shoots through your body!
You tentacle-slap the orc wizard. You grab the orc wizard.
You pierce the orc wizard, but do no damage.
The orc wizard is moderately wounded.
You constrict the orc wizard, but do no damage.
The orc wizard gestures at you while chanting.
You are confused.
The orc priest calls down the wrath of Beogh upon you.
Pain shoots through your body!
You bump into the rock wall.
You constrict the orc wizard.
The orc wizard hits you with a +1 dagger of draining.
You feel drained.
The orc priest calls down the wrath of Beogh upon you.
Beogh smites you!
* * * LOW HITPOINT WARNING * * *
Unknown command.
You bump into the rock wall.
You constrict the orc wizard. The orc wizard casts a spell at you.
The magic dart hits you!
You die...

#.##...##.#
#.##.####.#
#.##.## #.#
#.#...###.#
#.........#
###...#####
###.##
#o..# #@###
#)# #.# #o#
#.# #.# #..
###


You could see an orc priest and an orc wizard.

Vanquished Creatures
  An ogre (D:4)
  A phantom (D:3)
  A scorpion (D:2)
  An orc priest (D:4)
  2 worms
  3 dart slugs
  7 orcs
  4 ball pythons
  5 bats
  5 endoplasms
  4 giant cockroaches
  2 goblins
  7 hobgoblins
  3 jackals (D:4)
  4 kobolds
  3 quokkas
  3 frilled lizards
  7 rats
63 creatures vanquished.

Vanquished Creatures (others)
  A hobgoblin (D:4)
1 creature vanquished.

Grand Total: 64 creatures vanquished

Notes
Turn   | Place    | Note
-------+----------+-------------------------------------------
     0 | D:1      | horus123 the Octopode Transmuter began the quest for the
                  | Orb.
     0 | D:1      | Reached XP level 1. HP: 13/13 MP: 3/3
   190 | D:1      | Reached XP level 2. HP: 19/19 MP: 3/5
   307 | D:1      | Learned a level 2 spell: Wereblood
   682 | D:1      | Found a faded altar of an unknown god.
   694 | D:1      | Reached XP level 3. HP: 19/25 MP: 6/6
  1009 | D:2      | Noticed a scorpion
  1019 | D:2      | Killed a scorpion
  1020 | D:2      | Reached skill level 3 in Spellcasting
  1020 | D:2      | Reached XP level 4. HP: 7/31 MP: 7/9
  1421 | D:2      | Learned a level 4 spell: Ice Form
  2055 | D:3      | Reached XP level 5. HP: 25/36 MP: 10/10
  2445 | D:3      | Noticed a phantom
  2457 | D:3      | Killed a phantom
  2458 | D:3      | Reached skill level 4 in Spellcasting
  3647 | D:4      | Noticed an ice beast
  3956 | D:4      | Noticed an ogre
  3968 | D:4      | Killed an ogre
  3969 | D:4      | Reached XP level 6. HP: 5/42 MP: 12/12
  4286 | D:4      | Killed from afar by an orc wizard

Illustrated notes

Levels and vault maps discovered:
D:1:      mrwooster_arrival_statue_3, layout_rooms,
          hellmonk_ecumenical_altar_blasted
D:2:      layout_loops_cross, minmay_misc_feat_tiny
D:3:      layout_basic, minmay_hedge_maze
D:4:      layout_loops_ring, gammafunk_ghost_grave, uniq_crazy_yiuf_cottage

Skill      XL: |  1  2  3  4  5 |
---------------+----------------+-----
Fighting       | 2 3 |  3.0
Spellcasting   | 3 4 |  4.5
Transmutations | 3 |  3.9
Dodging        | |  2.0
Unarmed Combat | |  3.0

Action                   |  1- 3 |  4- 6 || total
-------------------------+-------+-------++-------
Melee: Unarmed           |    49 |    93 ||   142
       Kick              |    16 |    26 ||    42
       Constrict         |    17 |    23 ||    40
       Tentacles         |     9 |    17 ||    26
       Punch             |     1 |     4 ||     5
 Cast: Beastly Appendage |    14 |    19 ||    33
  Use: Scroll            |     2 |     7 ||     9
       Potion            |       |     1 ||     1
 Stab: Sleeping          |     1 |     2 ||     3
Armor: Skin              |     4 |     5 ||     9
Dodge: Dodged            |    21 |    50 ||    71

Table legend: (Time is in decaauts)
 A = Elapsed time spent in this place.
 B = Non-inter-level travel time spent in this place.
 C = Inter-level travel time spent in this place.
 D = Time resting spent in this place.
 E = Time spent auto-exploring this place.
 F = Levels seen in this place.
 G = Mean time per level.
                   A        B        C        D        E       F      G
               +--------+--------+--------+--------+--------+-----+--------+
         Total |   4277 |   4204 |     73 |   1039 |   2601 |   4 | 1069.2 |
       Dungeon |   4277 |   4204 |     73 |   1039 |   2601 |   4 | 1069.2 |
               +--------+--------+--------+--------+--------+-----+--------+

Top non-repeatable levels by time:
     D:3: 1575 daAuts
     D:2: 994 daAuts
     D:1: 976 daAuts
     D:4: 730 daAuts
